 Dungeon Crawl Stone Soup version 0.29.0-7-g18a832c13a (webtiles) character file.

Game seed: 14218660228730223232

1548172 lurch the Shatterer (level 27, 233/233 HPs)
             Began as a Gnoll Hunter on Aug 28, 2022.
             Was a High Priest of Okawaru.
             Escaped with the Orb
             ... and 3 runes on Aug 31, 2022!
             The game lasted 05:21:23 (79191 turns).

lurch the Shatterer (Gnoll Hunter)                 Turns: 79191, Time: 05:21:23

Health: 233/233    AC: 25    Str: 10    XL:     27
Magic:  32/32      EV: 28    Int: 14    God:    Okawaru [*****.]
Gold:   3752       SH:  0    Dex: 29    Spells: 13/63 levels left

rFire   + + .      SeeInvis +   a - +9 arbalest (venom) {nice}
rCold   + . .      Faith    .   (shield currently unavailable)
rNeg    + + +      Spirit   .   K - +1 ring mail of Absence {Fly rF+ Str+2 Int-5, nice}
rPois   +          Reflect  .   Y - +2 helmet {SInv}
rElec   .          Harm     .   x - +1 cloak of Music {Will++}
rCorr   .          Rampage  .   e - +2 pair of gloves {Dex+3}
Will    +++++                   h - +3 pair of boots "Vicwodics" {Slay+2}
Stlth   +++.......              M - amulet "Faciruad" {rPois Regen+, nice}
HPRegen 1.28/turn               R - ring of Muapiw {rC+ Will+ Int+4 Slay+4, nice}
MPRegen 0.23/turn               I - ring of Fafruaz {rF+ rN+++ MP-9 Int+4 Stlth+, nice}

@: flying, studying 6 skills
A: fangs 1, strong nose, distributed training, low MP 1, screaming 1, weak 2,
wild magic 1, inability to drink after injury 1, MP-powered wands
0: Orb of Zot
}: 3/15 runes: serpentine, barnacled, slimy
a: Renounce Religion, Heroism, Finesse, Duel


You escaped.
You worshipped Okawaru.
Okawaru was extremely pleased with you.
You visited 11 branches of the dungeon, and saw 52 of its levels.
You visited 1 bazaar.
You also visited: Bailey, Gauntlet, Ice Cave, Volcano and Desolation.

You collected 8729 gold pieces.
You spent 4977 gold pieces at shops.

Inventory:

Hand Weapons
 a - a +9 arbalest of venom (weapon) {nice}
 b - the +6 lajatang of the Orb {vorpal, rElec, nice}
   (You found it in the Desolation of Salt)

   It inflicts extra damage upon your enemies.
   rElec:     It insulates you from electricity.
Missiles
 d - 9 throwing nets
 i - 15 silver javelins
 m - 46 poisoned darts
 s - 9 curare-tipped darts
 A - 19 javelins
 E - 6 atropa-tipped darts
 W - 4 datura-tipped darts
Armour
 e - a +2 pair of gloves of dexterity (worn)
 h - the +3 pair of boots "Vicwodics" (worn) {Slay+2}
   (You acquired it on level 2 of the Elven Halls)

   Slay:      It affects your accuracy & damage with ranged weapons and melee
   (+2).
 x - the +1 cloak of Music (worn) {Will++}
   (Okawaru gifted it to you on level 2 of the Shoals)

   Will:      It greatly increases your willpower.
 J - the +7 ring mail "Agiehuta" {Rampage Will+ Str+4 Int+3, nice}
   (You found it in the Desolation of Salt)

   Str:       It affects your strength (+4).
   Int:       It affects your intelligence (+3).
   Rampage:   It bestows one free step when moving towards enemies.
   Will:      It increases your willpower.
 K - the +1 ring mail of Absence (worn) {Fly rF+ Str+2 Int-5, nice}
   (You bought it in a shop on level 15 of the Dungeon)

   Str:       It affects your strength (+2).
   Int:       It affects your intelligence (-5).
   rF:        It protects you from fire.
   Fly:       It grants you flight.
 Y - a +2 helmet of see invisible (worn)
Jewellery
 I - the ring of Fafruaz (right hand) {rF+ rN+++ MP-9 Int+4 Stlth+, nice}
   (You took it off a minotaur in a Gauntlet)

   [ring of protection from fire]

   Int:       It affects your intelligence (+4).
   rF:        It protects you from fire.
   rN:        It renders you almost immune to negative energy.
   MP:        It affects your magic capacity (-9).
   Stlth:     It makes you more stealthy.
 M - the amulet "Faciruad" (around neck) {rPois Regen+, nice}
   (You found it on level 7 of the Dungeon)

   [amulet of regeneration]

   rPois:     It protects you from poison.
   Regen:     It increases your rate of health regeneration.
 R - the ring of Muapiw (left hand) {rC+ Will+ Int+4 Slay+4, nice}
   (You found it in the Desolation of Salt)

   [ring of slaying]

   Int:       It affects your intelligence (+4).
   Slay:      It affects your accuracy & damage with ranged weapons and melee
   (+4).
   rC:        It protects you from cold.
   Will:      It increases your willpower.
 T - the ring "Sypheon" {rC+ rN+ rCorr Int+4 Stlth+, nice}
   (You took it off a merfolk impaler on level 4 of the Shoals)

   [ring of resist corrosion]

   Int:       It affects your intelligence (+4).
   rC:        It protects you from cold.
   rN:        It protects you from negative energy.
   rCorr:     It protects you from acid and corrosion.
   Stlth:     It makes you more stealthy.
Wands
 l - a wand of quicksilver (15)
 q - a wand of iceblast (3)
 G - a wand of flame (35)
 L - a wand of digging (20)
 O - a wand of mindburst (18)
Scrolls
 c - 4 scrolls of immolation
 f - 5 scrolls of fear
 g - 12 scrolls of fog
 j - 19 scrolls of teleportation
 o - 7 scrolls of blinking
 y - 2 scrolls of enchant weapon
 z - 13 scrolls of vulnerability
 F - 10 scrolls of poison
 Q - a scroll of magic mapping
Potions
 k - a potion of heal wounds
 p - 7 potions of flight
 r - 3 potions of invisibility
 u - 20 potions of brilliance
 v - 8 potions of attraction
 w - 23 potions of curing
 B - 9 potions of lignification
 C - 8 potions of haste
 D - 4 potions of resistance
 H - 6 potions of magic
 N - 6 potions of cancellation
 X - 3 potions of mutation
Miscellaneous
 n - a phial of floods
 P - a tin of tremorstones (2/2)
 S - a condenser vane
 Z - a lightning rod (4/4)


   Skills:
 + Level 22.4 Fighting
 + Level 21.1 Short Blades
 + Level 18.7 Long Blades
 + Level 18.7 Axes
 + Level 25.2 Maces & Flails
 + Level 18.7 Polearms
 + Level 18.7 Staves
 + Level 22.9 Ranged Weapons
 + Level 18.7 Throwing
 + Level 18.7 Armour
 + Level 19.2 Dodging
 + Level 20.9 Stealth
 + Level 18.7 Shields
 + Level 18.7 Unarmed Combat
 + Level 18.7 Spellcasting
 + Level 16.0 Conjurations
 + Level 18.9 Hexes
 + Level 16.0 Summonings
 + Level 16.0 Necromancy
 + Level 16.0 Translocations
 + Level 17.0 Transmutations
 + Level 16.0 Fire Magic
 + Level 16.0 Ice Magic
 + Level 16.0 Air Magic
 + Level 16.0 Earth Magic
 + Level 16.0 Poison Magic
 + Level 20.2 Invocations
 + Level 18.7 Evocations


You had 13 spell levels left.
You knew the following spells:

 Your Spells              Type           Power      Damage    Failure   Level
a - Lee's Rapid Deconstr  Erth           33%        3d18*     1%          5
i - Blink                 Tloc           100%       N/A       1%          2
z - Poisonous Vapours     Pois/Air       100%       N/A       1%          2
A - Borgnjor's Vile Clut  Necr/Erth      33%        N/A       1%          5
B - Yara's Violent Unrav  Hex/Tmut       35%        3d14      1%          5
C - Irradiate             Conj/Tmut      33%        3d22      1%          5
D - Eringya's Noxious Bo  Tmut/Pois      33%        N/A       2%          6
E - Swiftness             Air            66%        N/A       1%          3
F - Enfeeble              Hex            36%        N/A       4%          7
G - Olgreb's Toxic Radia  Pois           66%        N/A       1%          4
H - Ignite Poison         Fire/Tmut/Pois 67%        N/A       1%          3
P - Portal Projectile     Hex/Tloc       100%       N/A       1%          3

Your spell library contained the following spells:

 Spells                   Type           Power      Damage    Failure   Level
 Apportation              Tloc           100%       N/A       1%          1
 Beastly Appendage        Tmut           100%       N/A       1%          1
 Foxfire                  Conj/Fire      100%       2x1d9     1%          1
 Magic Dart               Conj           100%       1d8       1%          1
 Necrotise                Necr           100%       1d9       1%          1
 Sandblast                Erth           100%       2d20      1%          1
 Shock                    Conj/Air       100%       1d9       1%          1
 Slow                     Hex            100%       N/A       1%          1
 Sting                    Tmut/Pois      100%       1d8       1%          1
 Ensorcelled Hibernation  Hex/Ice        100%       N/A       1%          2
 Passwall                 Tmut/Erth      55%        N/A       1%          2
 Static Discharge         Conj/Air       66%        3-12/arc  1%          2
 Wereblood                Tmut           68%        N/A       1%          2
 Confusing Touch          Hex            72%        N/A       1%          3
 Conjure Flame            Conj/Fire      66%        6-21      1%          3
 Dazzling Flash           Conj/Hex       100%       N/A       1%          3
 Gell's Gravitas          Tloc           66%        N/A       1%          3
 Inner Flame              Hex/Fire       69%        N/A       1%          3
 Lesser Beckoning         Tloc           66%        N/A       1%          3
 Mephitic Cloud           Conj/Pois/Air  66%        N/A       1%          3
 Spider Form              Tmut/Pois      67%        N/A       1%          3
 Stone Arrow              Conj/Erth      100%       3d13      1%          3
 Teleport Other           Tloc           66%        N/A       1%          3
 Vampiric Draining        Necr           66%        2d10      1%          3
 Airstrike                Air            33%        2d(5-21)  1%          4
 Anguish                  Hex/Necr       34%        N/A       1%          4
 Cause Fear               Hex            36%        N/A       1%          4
 Flame Wave               Conj/Fire      66%        2d15      1%          4
 Fulminant Prism          Conj/Hex       34%        3d16      1%          4
 Hailstorm                Conj/Ice       66%        3d14      1%          4
 Ice Form                 Ice/Tmut       67%        N/A       1%          4
 Iskenderun's Mystic Bla  Conj/Tloc      66%        2d14      1%          4
 Leda's Liquefaction      Hex/Erth       34%        N/A       1%          4
 Petrify                  Tmut/Erth      67%        N/A       1%          4
 Sticky Flame             Conj/Fire      66%        2d8       1%          4
 Alistair's Intoxication  Tmut/Pois      44%        N/A       1%          5
 Blade Hands              Tmut           34%        N/A       1%          5
 Lightning Bolt           Conj/Air       33%        1d50      1%          5
 Manifold Assault         Tloc           66%        N/A       1%          5
 Metabolic Englaciation   Hex/Ice        34%        N/A       1%          5
 Statue Form              Tmut/Erth      44%        N/A       2%          6
 Conjure Ball Lightning   Conj/Air       33%        3x3d11    3%          6
 Dispersal                Tloc           33%        N/A       3%          6
 Iron Shot                Conj/Erth      33%        9d7       3%          6
 Starburst                Conj/Fire      33%        6d10      3%          6
 Dragon Form              Tmut           34%        N/A       9%          7
 Storm Form               Tmut/Air       33%        N/A       11%         7
 Discord                  Hex            36%        N/A       28%         8
 Necromutation            Tmut/Necr      33%        N/A       58%         8
 Borgnjor's Revivificati  Necr           33%        N/A       65%         8
 Lehudib's Crystal Spear  Conj/Erth      33%        10d8      65%         8
 Maxwell's Capacitive Co  Air            33%        ∞         65%         8
 Death's Door             Necr           33%        N/A       100%        9
 Shatter                  Erth           33%        3d27*     100%        9
 Summon Small Mammal      Summ           Unusable   N/A       N/A         1
 Call Imp                 Summ           Unusable   N/A       N/A         2
 Call Canine Familiar     Summ           Unusable   N/A       N/A         3
 Summon Lightning Spire   Summ/Air       Unusable   N/A       N/A         4
 Simulacrum               Ice/Necr       Unusable   N/A       N/A         6

Dungeon Overview and Level Annotations

Branches:
Dungeon (15/15)            Temple (1/1) D:5            Lair (5/5) D:11
 Shoals (4/4) Lair:3        Snake (4/4) Lair:3        Slime (5/5) Lair:5
    Orc (2/2) D:10            Elf (3/3) Orc:2        Vaults (4/5) D:14
  Crypt (0/3) Vaults:2     Depths (4/4) D:15            Zot (5/5) Depths:4
 Bailey (visited)           IceCv (visited)         Volcano (visited)
Desolation (visited)      Gauntlet (visited)

Altars:
Ashenzari
Cheibriados
Dithmenos
Elyvilon
Fedhas
Gozag
Hepliaklqana
Kikubaaqudgha
Makhleb
Nemelex Xobeh
Okawaru
Qazlal
Ru
Sif Muna
Trog
Uskayaw
Vehumet
Wu Jian
Xom
Yredelemnul
Zin
The Shining One
Jiyva

Shops:
D:1 *   D:4 *   D:6 (   D:10 !   D:15 [   Orc:2 :?=?   Elf:1 *   Shoals:2 =
Shoals:3 [   Snake:2 *   Vaults:4 !   Depths:2 ![**

Portals:
Hell: Depths:1 Depths:2 Depths:3 Depths:4
Abyss: Depths:1 Depths:3 Depths:4
Pandemonium: Depths:1 Depths:2 Depths:3
Ziggurat: Depths:4

Annotations:
D:10 wand of digging
D:12 need flight
Lair:3 2 transporters, jurb's ghost, journeyman DEEE
Shoals:1 exclusion: downstairs
Slime:4 Dissolution
Slime:5 exclusion: upstairs
Elf:2 3 runed translucent doors
Vaults:5 !
Zot:3 3 runed translucent doors, Emnejil's ghost, master VSBe; Juzit's ghost, legendary GnFi
Zot:4 2 transporters


Innate Abilities, Weirdness & Mutations

You have very sharp teeth.
Your uncanny sense of smell can sniff out nearby items.
Your experience applies equally to all skills.
Your magical capacity is low. (-10% MP)
You occasionally shout uncontrollably at your foes.
You are very weak. (Str -4)
Your spells are a little harder to cast, but a little more powerful.
You occasionally lose the ability to drink potions when taking damage.
You expend magic power (3 MP) to strengthen your wands.


Message History

You kill the balrug!
Okawaru accepts your kill.
You are very lightly contaminated with residual magic.
The sun demon completely misses you.
Your Conjurations skill increases to level 16!
Your Summonings skill increases to level 16!
Your Necromancy skill increases to level 16!
Your Translocations skill increases to level 16!
Your Fire Magic skill increases to level 16!
Your Ice Magic skill increases to level 16!
Your Air Magic skill increases to level 16!
Your Earth Magic skill increases to level 16!
Your Poison Magic skill increases to level 16!
Unknown command.
You shoot a bolt. The bolt hits the sun demon!!!
You kill the sun demon!
Okawaru accepts your kill.
No target in view!
(D) Dungeon (T) Temple (L) Lair (A) Shoals (P) Snake Pit (M) Slime Pits (O) Orcish Mines (E) Elven Halls (V) Vaults (C) Crypt (U) Depths (H) Hell (Z) Zot
Where to? (Enter - D:1, ? - help)
Okay, then.
You feel yourself speed up.
(D) Dungeon (T) Temple (L) Lair (A) Shoals (P) Snake Pit (M) Slime Pits (O) Orcish Mines (E) Elven Halls (V) Vaults (C) Crypt (U) Depths (H) Hell (Z) Zot
Where to? (Enter - D:1, ? - help)
There is a stone staircase leading up here.
You fly upwards.
There is a stone staircase leading down here.
Your magical contamination has completely faded away.
HP restored.
Your extra speed is starting to run out.
Magic restored.
You feel yourself slow down.
There is a staircase leading out of the dungeon here.
You have escaped!

#.............................
#.##########################.#
#.##########################.#
#.#.#..#.....#..#.....#..#.#.#
#.#.).....#..#..#..#..#..#.#.#
#............................#
##..#..#..#.....#..#..#..#...#
##.#..#..#.....#..........#..
#.#.....#..@.....#..#....###
##########################


There were no monsters in sight!

Vanquished Creatures
  the Royal Jelly (Slime:5)
  Tiamat (Zot:3)
  9 orbs of fire
  2 ancient liches (Zot:5)
  Saint Roka (Snake:2)
  3 Killer Klowns
  2 curse toes (Zot:3)
  Vashnia (Arena)
  13 golden dragons
  A bone dragon (Zot:1)
  2 electric golems (Zot:5)
  A walking crystal tome (Depths:3)
  16 tentacled monstrosities
  26 Orb Guardians
  5 titans
  A lich (Depths:2)
  3 deep elf master archers (Elf:3)
  8 quicksilver dragons
  Asterion (Snake:2)
  24 acid blobs
  3 deep elf blademasters (Elf:3)
  Polyphemus (Shoals:2)
  Agnes (Snake:3)
  A kraken (Shoals:4)
  3 Executioners
  A sphinx (Vaults:2)
  An ancient champion (Vaults:2)
  Kirke (D:12)
  7 death cobs
  2 tengu reavers
  14 storm dragons
  Roxanne (Shoals:1)
  7 shadow dragons
  7 azure jellies
  7 draconian knights
  Donald (Snake:2)
  4 draconian monks
  11 rockslimes
  3 imperial myrmidons (Desolation)
  4 deep elf sorcerers (Elf:3)
  3 nagarajas (Snake:4)
  6 frost giants
  A balrug (D:2)
  Aizul (Depths:2)
  A ghost moth (Zot:4)
  4 draconian scorchers
  9 fire giants
  7 orc warlords
  An iron dragon (Depths:3)
  3 draconian annihilators
  7 vault wardens
  Louise (D:14)
  2 cacodemons
  A draconian stormcaller (Zot:5)
  A spriggan defender (Depths:4)
  12 draconian shifters
  7 stone giants
  35 very ugly things
  8 quicksilver oozes
  7 ironbound preservers
  12 black draconians
  12 ironbound thunderhulks
  4 vampire knights
  5 deep elf demonologists
  6 green draconians
  8 dire elephants
  7 spark wasps
  13 white draconians
  7 yellow draconians
  A minotaur (Gauntlet)
  7 deep elf annihilators (Elf:3)
  12 purple draconians
  13 red draconians
  3 halazid warlocks (Desolation)
  3 crystal guardians
  13 ettins
  3 blizzard demons
  A green death (Depths:1)
  5 merfolk impalers
  Josephine (D:15)
  8 fire dragons
  4 merfolk javelineers
  3 deep elf death magi (Elf:3)
  13 great orbs of eyes
  9 yaktaur captains
  A fire dragon (shapeshifter) (Vaults:4)
  8 ragged hierophants (Desolation)
  3 deep elf high priests
  2 salamander tyrants (Snake:4)
  3 boulder beetles
  10 hydras
  3 servants of whispers (Desolation)
  7 centaur warriors
  2 rakshasas
  8 ice dragons
  7 two-headed ogres
  2 catoblepae
  13 ironbound frosthearts
  3 spriggan air magi (Depths:3)
  15 vault guards
  3 hell beasts
  2 merfolk avatars
  10 peacekeepers
  5 anacondas
  20 dancing weapons
  10 naga warriors
  3 alligator snapping turtles
  14 death yaks
  7 deep troll shamans
  12 deep troll earth magi
  3 satyrs (Shoals:4)
  8 merfolk aquamancers
  4 vampire magi
  5 spriggan berserkers
  5 tengu warriors
  A titan zombie (Vaults:3)
  25 naga sharpshooters
  4 orc high priests
  4 spriggans (Depths:4)
  A hell knight (Volcano)
  6 iron trolls
  4 shock serpents
  18 deep elf knights
  6 sun demons
  3 salamander mystics
  43 deep trolls
  12 skeletal warriors
  15 sea snakes
  3 glowing orange brains
  A glowing orange brain (shapeshifter) (Gauntlet)
  An orb spider (shapeshifter) (Depths:4)
  A flayed ghost (Depths:2)
  8 lindwurms
  A swamp dragon (shapeshifter) (D:15)
  19 ironbound convokers
  A golden dragon skeleton (Vaults:3)
  13 harpies
  5 phantasmal warriors
  6 mana vipers
  7 wizards
  11 deep elf archers
  19 orc knights
  3 naga ritualists
  31 fauns
  4 shining eyes
  30 deep elf pyromancers
  25 deep elf zephyrmancers
  A sphinx skeleton (Vaults:2)
  6 cyclopes
  31 ugly things
  3 necromancers
  5 orc sorcerers
  12 manticores
  21 moths of wrath
  11 salamanders
  A stone giant skeleton (Vaults:1)
  2 centaur zombies (D:15)
  6 guardian serpents
  14 elephants
  2 smoke demons
  A guardian serpent (shapeshifter) (D:14)
  4 vault sentinels
  33 black mambas
  2 rust devils
  14 cane toads
  2 ice statues
  13 naga magi
  3 gargoyles
  2 eyes of devastation
  3 water nymphs
  11 merfolk sirens
  3 molten gargoyles (Lair:5)
  A water nymph (shapeshifter) (Depths:1)
  4 orange demons
  4 large abominations
  2 unseen horrors
  An efreet (Gauntlet)
  An entropy weaver simulacrum (Vaults:3)
  10 komodo dragons
  4 rime drakes
  23 yaktaurs
  2 elves (Depths:2)
  2 tengu conjurers
  2 hellwings (Depths:3)
  3 ice devils
  7 polar bears (IceCv)
  3 meliai (D:15)
  6 trolls
  2 red devils
  A merfolk (shapeshifter) (Gauntlet)
  26 merfolk
  22 blink frogs
  23 dream sheep
  7 wind drakes
  48 saltlings (Desolation)
  4 hornets (Depths:4)
  Prince Ribbit (Bailey)
  78 slime creatures
  A stone giant simulacrum (Vaults:1)
  8 snapping turtles
  5 shadows
  An elf simulacrum (Vaults:1)
  23 water elementals
  6 vampires
  4 wraiths
  A spriggan (shapeshifter) (D:14)
  6 wyverns
  A ynoxinul (Gauntlet)
  4 air elementals
  6 basilisks
  A basilisk (shapeshifter) (D:15)
  A hog (D:12)
  10 humans
  2 neqoxecs
  53 yaks
  2 death yak simulacra (Orc:2)
  3 fire elementals
  2 chaos spawn
  8 vampire mosquitoes
  3 steam dragons
  2 wargs (Depths:2)
  A human zombie (Vaults:3)
  14 water moccasins
  57 nagas
  8 hell hounds
  2 acid dragons
  A floating eye (Slime:5)
  Duvessa (D:4)
  20 orc warriors
  2 ice beasts
  2 sky beasts
  7 ogres
  2 boggarts (Depths:2)
  17 centaurs
  51 wolves
  A human skeleton (Vaults:2)
  A phantom (D:5)
  2 kobold brigands
  Blork the orc (D:4)
  26 bullfrogs
  2 necrophages
  A scorpion (D:5)
  2 spectral wargs (Depths:2)
  A glowing shapeshifter simulacrum (Vaults:2)
  3 earth elementals (Elf:2)
  2 gnoll sergeants
  5 wights (D:9)
  Dowan (D:4)
  5 killer bees (D:8)
  A howler monkey (shapeshifter) (Depths:3)
  A howler monkey (D:8)
  9 electric eels
  5 lava snakes (Lair:5)
  4 hounds
  13 orc priests
  4 jellies
  2 gnoll boudas
  3 iron imps
  Terence (D:3)
  6 iguanas
  19 orc wizards
  3 polar bear simulacra (Orc:2)
  2 wolf simulacra (Orc:2)
  17 gnolls
  10 adders
  A naga simulacrum (Orc:2)
  5 white imps
  An ufetubus (Vaults:4)
  3 worms
  3 dart slugs
  65 orcs
  7 endoplasms
  5 giant cockroaches
  12 goblins
  9 hobgoblins
  4 jackals (D:4)
  3 quokkas
  8 ball pythons
  7 bats
  4 frilled lizards
  24 kobolds
  10 rats
  3 butterflies
  3 tentacles (Shoals:4)
2181 creatures vanquished.

Vanquished Creatures (others)
  A draconian knight (Depths:4)
  A deep elf knight (Elf:3)
  An orc knight (Orc:2)
  A saltling (Desolation)
  An orc wizard (D:9)
  24 fungi
  259 plants
  A tentacle (Shoals:4)
289 creatures vanquished.

Grand Total: 2470 creatures vanquished

Notes
Turn   | Place    | Note
-------+----------+-------------------------------------------
     0 | D:1      | lurch the Gnoll Hunter began the quest for the Orb.
     0 | D:1      | Reached XP level 1. HP: 20/20 MP: 1/1
    35 | D:1      | Found Vuxy's Assorted Antiques.
   115 | D:1      | Reached XP level 2. HP: 26/26 MP: 2/2
   426 | D:1      | Reached XP level 3. HP: 31/31 MP: 3/3
   555 | D:1      | Bought a scroll labelled COARGH NADUP for 17 gold pieces
   850 | D:2      | Reached skill level 1 in Invocations
   936 | D:1      | Bought a scroll labelled QASEAB MOLOLI for 17 gold pieces
   936 | D:1      | Bought a scroll labelled INUGUEN INISS for 17 gold pieces
  1033 | D:2      | Found a faded altar of an unknown god.
  1093 | D:2      | Reached skill level 1 in Short Blades
  1093 | D:2      | Reached skill level 1 in Long Blades
  1093 | D:2      | Reached skill level 1 in Axes
  1093 | D:2      | Reached skill level 1 in Maces & Flails
  1093 | D:2      | Reached skill level 1 in Polearms
  1093 | D:2      | Reached skill level 1 in Staves
  1093 | D:2      | Reached skill level 1 in Throwing
  1093 | D:2      | Reached skill level 1 in Armour
  1093 | D:2      | Reached skill level 1 in Shields
  1093 | D:2      | Reached skill level 1 in Unarmed Combat
  1093 | D:2      | Reached skill level 1 in Spellcasting
  1093 | D:2      | Reached skill level 1 in Evocations
  1138 | D:2      | Reached XP level 4. HP: 38/38 MP: 5/5
  1153 | D:2      | Reached skill level 1 in Conjurations
  1153 | D:2      | Reached skill level 1 in Hexes
  1153 | D:2      | Reached skill level 1 in Summonings
  1153 | D:2      | Reached skill level 1 in Necromancy
  1153 | D:2      | Reached skill level 1 in Translocations
  1153 | D:2      | Reached skill level 1 in Transmutations
  1153 | D:2      | Reached skill level 1 in Fire Magic
  1153 | D:2      | Reached skill level 1 in Ice Magic
  1153 | D:2      | Reached skill level 1 in Air Magic
  1153 | D:2      | Reached skill level 1 in Earth Magic
  1153 | D:2      | Reached skill level 1 in Poison Magic
  1440 | D:3      | Identified the +1 leather armour of Ocukiwk {rN+ Dex+3
                  | Slay+3}
  1531 | D:3      | Reached XP level 5. HP: 43/43 MP: 5/7
  1615 | D:3      | Noticed Terence
  1656 | D:3      | Killed Terence
  2458 | D:4      | Noticed Blork the orc
  2464 | D:4      | Killed Blork the orc
  2465 | D:4      | Reached XP level 6. HP: 41/50 MP: 8/8
  2471 | D:4      | Reached skill level 5 in Fighting
  2471 | D:4      | Reached skill level 2 in Maces & Flails
  2471 | D:4      | Reached skill level 5 in Dodging
  2708 | D:4      | Found Zealoel's CLEARANCE SALE!.
  2780 | D:4      | Noticed Dowan
  2782 | D:4      | Killed Dowan
  2782 | D:4      | Noticed Duvessa
  2812 | D:5      | Entered Level 5 of the Dungeon
  2878 | D:5      | Reached XP level 7. HP: 49/56 MP: 10/10
  2958 | D:5      | Found a staircase to the Ecumenical Temple.
  2975 | Temple   | Entered the Ecumenical Temple
  3199 | Temple   | Became a worshipper of Warmaster Okawaru
  4361 | D:5      | Reached skill level 3 in Maces & Flails
  4361 | D:5      | Reached XP level 8. HP: 63/63 MP: 12/12
  4949 | D:6      | Reached * piety under Okawaru
  4958 | D:6      | Noticed a troll
  4981 | D:6      | Killed a troll
  5192 | D:6      | Reached skill level 4 in Maces & Flails
  5287 | D:6      | Found Rohehal's Weapon Shop.
  5299 | D:6      | Found a sparkling altar of Nemelex Xobeh.
  5628 | D:7      | Found a transporter.
  5632 | D:7      | Found a transporter.
  5634 | D:7      | Noticed a seven-headed hydra
  5634 | D:7      | Noticed a gargoyle
  5636 | D:7      | Found a shimmering blue altar of Sif Muna.
  5649 | D:7      | Found a flagged portal.
  5662 | Bailey   | Entered a bailey
  5674 | Bailey   | Reached XP level 9. HP: 69/69 MP: 11/14
  5678 | Bailey   | Reached ** piety under Okawaru
  5755 | Bailey   | Reached skill level 5 in Stealth
  5762 | Bailey   | Reached skill level 5 in Maces & Flails
  6118 | Bailey   | Noticed Prince Ribbit
  6123 | Bailey   | Reached skill level 5 in Invocations
  6124 | Bailey   | Reached *** piety under Okawaru
  6134 | Bailey   | Killed Prince Ribbit
  6354 | Bailey   | Reached skill level 6 in Maces & Flails
  6402 | Bailey   | Reached skill level 5 in Short Blades
  6402 | Bailey   | Reached skill level 5 in Long Blades
  6402 | Bailey   | Reached skill level 5 in Axes
  6402 | Bailey   | Reached skill level 5 in Polearms
  6402 | Bailey   | Reached skill level 5 in Staves
  6402 | Bailey   | Reached skill level 5 in Throwing
  6402 | Bailey   | Reached skill level 5 in Armour
  6402 | Bailey   | Reached skill level 5 in Shields
  6402 | Bailey   | Reached skill level 5 in Unarmed Combat
  6402 | Bailey   | Reached skill level 5 in Spellcasting
  6402 | Bailey   | Reached skill level 5 in Evocations
  6402 | Bailey   | Reached XP level 10. HP: 77/77 MP: 17/17
  6403 | Bailey   | Noticed a vault guard
  6414 | Bailey   | Reached skill level 10 in Ranged Weapons
  6428 | Bailey   | Killed a vault guard
  6428 | Bailey   | Reached **** piety under Okawaru
  6516 | Bailey   | Noticed a vault guard
  6558 | Bailey   | Killed a vault guard
  6841 | D:7      | Reached skill level 7 in Maces & Flails
  7115 | D:7      | Received a gift from Okawaru
  7275 | D:7      | Identified the amulet "Faciruad" {rPois Regen+}
  7315 | D:7      | Found a hazy altar of Hepliaklqana.
  7932 | D:8      | Received a gift from Okawaru
  8478 | D:8      | Reached skill level 5 in Conjurations
  8478 | D:8      | Reached skill level 5 in Hexes
  8478 | D:8      | Reached skill level 5 in Summonings
  8478 | D:8      | Reached skill level 5 in Necromancy
  8478 | D:8      | Reached skill level 5 in Translocations
  8478 | D:8      | Reached skill level 5 in Transmutations
  8478 | D:8      | Reached skill level 5 in Fire Magic
  8478 | D:8      | Reached skill level 5 in Ice Magic
  8478 | D:8      | Reached skill level 5 in Air Magic
  8478 | D:8      | Reached skill level 5 in Earth Magic
  8478 | D:8      | Reached skill level 5 in Poison Magic
  8483 | D:8      | Reached XP level 11. HP: 85/85 MP: 18/20
  8490 | D:8      | Received a gift from Okawaru
  8522 | D:8      | Reached skill level 8 in Maces & Flails
  8558 | D:8      | Found a glowing golden altar of the Shining One.
  8652 | D:8      | Found a glowing silver altar of Zin.
  8886 | D:8      | Found the +5 robe of Night {Dark Will+ SInv}
  9056 | D:9      | Noticed a two-headed ogre
  9075 | D:9      | Killed a two-headed ogre
  9438 | D:9      | Reached ***** piety under Okawaru
  9442 | D:9      | Found a snail-covered altar of Cheibriados.
  9752 | D:9      | Received a gift from Okawaru
  9842 | D:10     | Entered Level 10 of the Dungeon
  9848 | D:10     | Found a staircase to the Orcish Mines.
  9910 | D:10     | Found a burning altar of Makhleb.
 10225 | D:10     | Found Odoza's Distillery.
 10232 | D:10     | Bought a potion of heal wounds for 65 gold pieces
 10232 | D:10     | Bought a potion of haste for 130 gold pieces
 10312 | D:10     | Received a gift from Okawaru
 10635 | D:11     | Noticed a skeletal warrior
 10637 | D:11     | Noticed a skeletal warrior
 10637 | D:11     | Noticed a cyclops
 10751 | D:11     | Reached skill level 9 in Maces & Flails
 10759 | D:11     | Noticed a boulder beetle
 10813 | D:11     | Killed a boulder beetle
 10876 | D:11     | Killed a cyclops
 11035 | D:11     | Received a gift from Okawaru
 11049 | D:11     | Reached XP level 12. HP: 90/94 MP: 22/22
 11266 | D:11     | Noticed a rakshasa
 11272 | D:11     | Noticed a two-headed ogre
 11274 | D:11     | Killed a rakshasa
 11277 | D:11     | Killed a two-headed ogre
 11316 | D:11     | Identified the +8 chain mail of Quantum Leap {Str+6 Stlth+}
 11348 | D:11     | Found a staircase to the Lair.
 11371 | D:11     | Noticed a tengu warrior
 11380 | D:11     | Killed a tengu warrior
 11665 | D:11     | Reached skill level 10 in Maces & Flails
 11788 | D:11     | Found a staircase to the Lair.
 12178 | Lair:1   | Entered Level 1 of the Lair of Beasts
 12318 | Lair:1   | Learned a level 3 spell: Swiftness
 12323 | Lair:1   | Learned a level 3 spell: Portal Projectile
 12365 | Lair:1   | Received a gift from Okawaru
 12427 | Lair:1   | Received a gift from Okawaru
 12626 | Lair:1   | Noticed a seven-headed hydra
 12634 | Lair:1   | Killed a seven-headed hydra
 12981 | Lair:2   | Noticed a catoblepas
 13039 | Lair:1   | Killed a catoblepas
 13142 | Lair:2   | Noticed a seven-headed hydra
 13158 | Lair:2   | Noticed an eight-headed hydra
 13173 | Lair:2   | Killed a seven-headed hydra
 13193 | Lair:2   | Killed an eight-headed hydra
 13194 | Lair:2   | Reached XP level 13. HP: 101/101 MP: 25/25
 13253 | Lair:2   | Reached skill level 11 in Maces & Flails
 13424 | Lair:2   | Found a dark tunnel.
 13439 | Volcano  | Entered a volcano
 13499 | Volcano  | Received a gift from Okawaru
 13781 | Lair:2   | Reached ****** piety under Okawaru
 14308 | Lair:3   | Found a staircase to the Snake Pit.
 14398 | Lair:3   | Reached skill level 10 in Fighting
 14398 | Lair:3   | Reached skill level 10 in Dodging
 14402 | Lair:3   | Received a gift from Okawaru
 14552 | Lair:3   | Reached skill level 12 in Maces & Flails
 14607 | Lair:3   | Noticed jurb's ghost (journeyman DEEE)
 14691 | Lair:3   | Found a transporter.
 14715 | Lair:3   | Found a transporter.
 14809 | Lair:3   | Found a staircase to the Shoals.
 15173 | Lair:4   | Reached XP level 14. HP: 110/110 MP: 27/27
 15179 | Lair:4   | Reached skill level 10 in Invocations
 15719 | Lair:4   | Identified the +1 ring mail of the Spider Nest {*Slow rC+++
                  | Regen+ rCorr}
 16495 | Lair:5   | Entered Level 5 of the Lair of Beasts
 16675 | Lair:5   | Received a gift from Okawaru
 16747 | Lair:5   | Reached skill level 10 in Stealth
 16751 | Lair:5   | Reached skill level 13 in Maces & Flails
 16754 | Lair:5   | Received a gift from Okawaru
 16911 | Lair:5   | Received a gift from Okawaru
 17204 | Lair:5   | Found a viscous altar of Jiyva.
 17205 | Lair:5   | Found a staircase to the Slime Pits.
 17242 | Lair:5   | Identified the +1 robe "Nushug" {Dex+2} (Okawaru gifted it
                  | to you on level 5 of the Lair of Beasts)
 17242 | Lair:5   | Received a gift from Okawaru
 17332 | Lair:5   | Reached skill level 10 in Short Blades
 17332 | Lair:5   | Reached skill level 10 in Long Blades
 17332 | Lair:5   | Reached skill level 10 in Axes
 17332 | Lair:5   | Reached skill level 10 in Polearms
 17332 | Lair:5   | Reached skill level 10 in Staves
 17332 | Lair:5   | Reached skill level 10 in Throwing
 17332 | Lair:5   | Reached skill level 10 in Armour
 17332 | Lair:5   | Reached skill level 10 in Shields
 17332 | Lair:5   | Reached skill level 10 in Unarmed Combat
 17332 | Lair:5   | Reached skill level 10 in Spellcasting
 17332 | Lair:5   | Reached skill level 10 in Evocations
 17400 | Lair:5   | Reached XP level 15. HP: 118/118 MP: 29/29
 17403 | Lair:5   | Found a large runed translucent door.
 17404 | Lair:5   | Found a large runed translucent door.
 18073 | D:12     | Found a stormy altar of Qazlal.
 18125 | D:12     | Noticed Kirke
 18143 | D:12     | Killed Kirke
 19310 | D:13     | Found a gate leading to a gauntlet.
 19326 | Gauntlet | Entered a Gauntlet
 19326 | Gauntlet | Found a transporter.
 19332 | Gauntlet | Found a transporter.
 19380 | Gauntlet | Found a transporter.
 19403 | Gauntlet | Found a runed translucent door.
 19410 | Gauntlet | Found a transporter.
 19416 | Gauntlet | Found a transporter.
 19443 | Gauntlet | Found a runed translucent door.
 19445 | Gauntlet | Found a transporter.
 19448 | Gauntlet | Found a transporter.
 19457 | Gauntlet | Found a transporter.
 19484 | Gauntlet | Found a transporter.
 19484 | Gauntlet | Found a transporter.
 19533 | Gauntlet | Found a transporter.
 19536 | Gauntlet | Found a transporter.
 19638 | Gauntlet | Identified the +0 cloak of Theory {Rampage +Inv Will-
                  | Dex+5}
 19693 | Gauntlet | Identified the ring of Fafruaz {rF+ rN+++ MP-9 Int+4
                  | Stlth+}
 20350 | D:13     | Received a gift from Okawaru
 20351 | D:13     | Reached skill level 14 in Maces & Flails
 20668 | D:13     | Received a gift from Okawaru
 21014 | D:13     | Learned a level 5 spell: Irradiate
 21020 | D:13     | Learned a level 5 spell: Lee's Rapid Deconstruction
 21225 | D:14     | Identified the +0 leather armour of the Twisting Gods {rF+
                  | Will- Int+3}
 21239 | D:14     | Received a gift from Okawaru
 21353 | D:14     | Noticed Louise
 21374 | D:14     | Killed Louise
 21605 | Orc:1    | Entered Level 1 of the Orcish Mines
 21682 | Orc:2    | Entered Level 2 of the Orcish Mines
 21743 | Orc:2    | Found a frozen archway.
 21754 | IceCv    | Entered an ice cave
 21785 | IceCv    | Learned a level 3 spell: Inner Flame
 22672 | IceCv    | Received a gift from Okawaru
 23346 | Orc:2    | Found a staircase to the Elven Halls.
 23577 | Orc:2    | Found a gateway to a bazaar.
 23737 | Orc:2    | Reached XP level 16. HP: 117/127 MP: 21/30
 23758 | Orc:2    | HP: 5/127 [cloud of flame (11)]
 24260 | Orc:2    | Found Edyamum's Magic Scroll Boutique.
 24261 | Orc:2    | Found Dusint's Jewellery Shoppe.
 24271 | Orc:2    | Found Vuaraaq's Magic Scroll Shoppe.
 24273 | Orc:2    | Found Dovus's Book Boutique.
 24400 | Bazaar   | Entered a bazaar
 24400 | Bazaar   | Found Sufrenah's Antique Weapon Emporium.
 24401 | Bazaar   | Found Tycuhuag's Antique Weapon Shop.
 24414 | Bazaar   | Found Hyneenk's General Store.
 24414 | Bazaar   | Found Axesaox's Magic Scroll Shoppe.
 24427 | Bazaar   | Found Etut's Weapon Shoppe.
 24439 | Bazaar   | Bought 2 throwing nets for 102 gold pieces
 24442 | Bazaar   | Bought a scroll of immolation for 44 gold pieces
 24442 | Bazaar   | Bought a scroll of immolation for 44 gold pieces
 24442 | Bazaar   | Bought a scroll of fear for 44 gold pieces
 24442 | Bazaar   | Bought a scroll of fog for 44 gold pieces
 24442 | Bazaar   | Bought a scroll of identify for 22 gold pieces
 24442 | Bazaar   | Bought a scroll of teleportation for 33 gold pieces
 24442 | Bazaar   | Bought a scroll of identify for 22 gold pieces
 24447 | Bazaar   | Bought a potion of heal wounds for 95 gold pieces
 24530 | Orc:2    | Bought a scroll of identify for 26 gold pieces
 24530 | Orc:2    | Bought a scroll of identify for 26 gold pieces
 24530 | Orc:2    | Bought a scroll of fear for 52 gold pieces
 24530 | Orc:2    | Bought a scroll of teleportation for 39 gold pieces
 24548 | Orc:2    | Bought a scroll of teleportation for 45 gold pieces
 24548 | Orc:2    | Bought a scroll of teleportation for 45 gold pieces
 24548 | Orc:2    | Bought a scroll of blinking for 112 gold pieces
 24548 | Orc:2    | Bought a scroll of fog for 60 gold pieces
 24560 | Orc:2    | Bought the Commentary on the Caves for 408 gold pieces
 24566 | Orc:2    | Learned a level 5 spell: Borgnjor's Vile Clutch
 24739 | D:14     | Identified the +7 whip of Dainirr {speed, +Blink rN+ Str+3
                  | Dex+2}
 25222 | D:14     | Found a gate to the Vaults.
 25250 | D:14     | Identified the +3 lajatang "Vofreca" {spect, Fragile Fly
                  | rF+ rN+}
 25407 | D:14     | Reached skill level 15 in Maces & Flails
 25653 | D:15     | Entered Level 15 of the Dungeon
 25856 | D:15     | Noticed Josephine
 25868 | D:15     | Killed Josephine
 26057 | D:15     | Found a staircase to the Depths.
 26118 | D:15     | Identified the +0 swamp dragon scales of Divine Compulsion
                  | {rPois Str+6} (Okawaru gifted it to you on level 15 of the
                  | Dungeon)
 26118 | D:15     | Received a gift from Okawaru
 26520 | D:15     | Found Saleravi's Antique Armour Shop.
 26534 | D:15     | Bought an ichor-stained ring mail for 333 gold pieces
 26534 | D:15     | Identified the +1 ring mail of Absence {Fly rF+ Str+2
                  | Int-5} (You bought it in a shop on level 15 of the Dungeon)
 26595 | D:15     | Found a basalt altar of Yredelemnul.
 27095 | Shoals:1 | Entered Level 1 of the Shoals
 27896 | D:4      | Killed Duvessa
 28443 | D:8      | Identified the +6 battleaxe "Geavvipt" {elec, rC+ Int+4
                  | Stlth+}
 28446 | D:8      | Identified the amulet of Kes Itt {Spirit Regen+ Str+4
                  | Slay+3}
 28451 | D:8      | Got the Monograph on Gusts and Evolution
 30206 | Shoals:1 | Identified the +5 leather armour "Lot Fim" {-Cast Fly rC++
                  | Dex+2}
 30267 | Shoals:1 | Identified Roxanne's Papyrus of Stones
 30267 | Shoals:1 | Noticed Roxanne
 30285 | Shoals:1 | Killed Roxanne
 30824 | Shoals:1 | Identified the +6 great sword "Itynopp" {freeze, rC+ Int+4}
                  | (Okawaru gifted it to you on level 1 of the Shoals)
 30824 | Shoals:1 | Received a gift from Okawaru
 31135 | Shoals:2 | Noticed Polyphemus
 31153 | Shoals:1 | Reached XP level 17. HP: 115/135 MP: 9/32
 31484 | Shoals:2 | Reached skill level 10 in Conjurations
 31484 | Shoals:2 | Reached skill level 10 in Hexes
 31484 | Shoals:2 | Reached skill level 10 in Summonings
 31484 | Shoals:2 | Reached skill level 10 in Necromancy
 31484 | Shoals:2 | Reached skill level 10 in Translocations
 31484 | Shoals:2 | Reached skill level 10 in Transmutations
 31484 | Shoals:2 | Reached skill level 10 in Fire Magic
 31484 | Shoals:2 | Reached skill level 10 in Ice Magic
 31484 | Shoals:2 | Reached skill level 10 in Air Magic
 31484 | Shoals:2 | Reached skill level 10 in Earth Magic
 31484 | Shoals:2 | Reached skill level 10 in Poison Magic
 31575 | Shoals:2 | Upgraded the game from 0.29.0-5-ge4962eb29e to
                  | 0.29.0-7-g18a832c13a
 31789 | Shoals:2 | Killed Polyphemus
 31820 | Shoals:2 | Reached skill level 16 in Maces & Flails
 31846 | Shoals:2 | Found Tiurheud's Jewellery Emporium.
 32057 | Shoals:2 | Received a gift from Okawaru
 32416 | Shoals:2 | Identified the +1 cloak of Music {Will++} (Okawaru gifted
                  | it to you on level 2 of the Shoals)
 32416 | Shoals:2 | Received a gift from Okawaru
 33648 | Shoals:3 | Found Avarphoj's Antique Armour Shoppe.
 33659 | Shoals:3 | Bought a pair of embroidered gloves for 300 gold pieces
 34788 | Shoals:4 | Entered Level 4 of the Shoals
 35084 | Shoals:4 | Identified the +8 short sword of Watchfulness {freeze,
                  | Int+4}
 35365 | Shoals:4 | Identified the ring "Sypheon" {rC+ rN+ rCorr Int+4 Stlth+}
 35618 | Shoals:4 | Identified the +1 pair of gloves "Aqeschobil" {Rampage}
 35629 | Shoals:4 | Reached XP level 18. HP: 143/143 MP: 19/34
 35665 | Shoals:4 | Received a gift from Okawaru
 35763 | Shoals:4 | Identified the +7 dagger "Xuileev" {vorpal, rF+ rN+ Will+}
 35878 | Shoals:4 | Got a barnacled rune of Zot
 36020 | Shoals:4 | Reached skill level 17 in Maces & Flails
 36182 | Shoals:4 | Found a hide-covered altar of Uskayaw.
 36420 | Shoals:4 | Identified the -2 buckler of the Boiling Point {rElec
                  | Int+4} (Okawaru gifted it to you on level 4 of the Shoals)
 36420 | Shoals:4 | Received a gift from Okawaru
 36628 | Shoals:4 | Reached skill level 15 in Ranged Weapons
 36781 | Snake:1  | Entered Level 1 of the Snake Pit
 37623 | Snake:1  | Learned a level 4 spell: Iskenderun's Mystic Blast
 37754 | Snake:2  | Noticed Donald
 38039 | Snake:2  | Found Rtegi's Retail Resort.
 38234 | Snake:2  | Killed Donald
 38517 | Snake:2  | Noticed Asterion
 38531 | Snake:2  | Killed Asterion
 39315 | Snake:2  | Noticed Saint Roka
 39327 | Snake:2  | Identified a scroll of acquirement
 39328 | Snake:2  | Acquired 976 gold pieces
 39764 | Snake:2  | Found Rtegi's Retail Resort.
 39876 | Snake:2  | Killed Saint Roka
 40080 | Snake:3  | Noticed Agnes
 40086 | Snake:3  | Killed Agnes
 40086 | Snake:3  | Identified the +0 scale mail "Trusted Companion" {rN+
                  | rCorr} (Okawaru gifted it to you on level 3 of the Snake
                  | Pit)
 40086 | Snake:3  | Received a gift from Okawaru
 40291 | Snake:3  | Noticed Vashnia
 40627 | Arena    | Entered the Arena
 40637 | Arena    | Killed Vashnia
 41137 | Snake:4  | Entered Level 4 of the Snake Pit
 41255 | Snake:4  | Reached XP level 19. HP: 141/151 MP: 22/36
 41670 | Snake:4  | Reached skill level 18 in Maces & Flails
 42310 | Snake:4  | Acquired 551 gold pieces
 42598 | Snake:4  | Got a serpentine rune of Zot
 42960 | Elf:1    | Entered Level 1 of the Elven Halls
 43230 | Elf:1    | Received a gift from Okawaru
 43286 | Elf:1    | Paralysed by an air elemental for 1 turns
 43414 | Elf:1    | You are sucked into a shaft and drop 1 floor!
 43527 | Elf:2    | Acquired the +3 pair of boots "Vicwodics" {Slay+2}
 43980 | Elf:1    | Received a gift from Okawaru
 44227 | Elf:1    | Reached skill level 15 in Invocations
 44400 | Elf:1    | Found Miny's Assorted Antiques.
 44408 | Elf:1    | Bought a potion of heal wounds for 205 gold pieces
 44603 | Elf:1    | Bought a scroll of fog for 164 gold pieces
 45187 | Elf:2    | Found an ancient bone altar of Kikubaaqudgha.
 45219 | Elf:2    | Paralysed by an air elemental for 1 turns
 45221 | Elf:2    | Paralysed by an air elemental for 1 turns
 45228 | Elf:2    | Reached XP level 20. HP: 138/160 MP: 19/37
 45278 | Elf:2    | Found a runed translucent gate.
 45428 | Elf:2    | Found a runed translucent gate.
 45428 | Elf:2    | Found a runed translucent gate.
 45565 | Elf:3    | Entered Level 3 of the Elven Halls
 45604 | Elf:3    | Paralysed by an air elemental for 1 turns
 46118 | Elf:3    | Received a gift from Okawaru
 47001 | Elf:3    | Reached skill level 19 in Maces & Flails
 47892 | Elf:3    | Identified the +5 dagger "Murimots" {protect, rElec}
 48260 | Elf:3    | Got Sif Muna's Spellbook of Clay
 48261 | Elf:3    | Identified the +1 scimitar of the Mauling Queen {pain,
                  | Int+3}
 48320 | Elf:3    | Identified the +10 plate armour of Weplowe {rPois Int+4
                  | Stlth+}
 48331 | Elf:3    | Identified the +9 mace "Tiaschure" {freeze, rElec rPois}
 48372 | Elf:3    | Acquired a manual of Fighting
 48379 | Elf:3    | Identified the +5 spear "Nicabuh" {pain, Dex+4}
 48380 | Elf:3    | Identified the +7 whip of Revolt {vorpal, rPois rF- MP+9}
 48740 | D:15     | Learned a level 6 spell: Eringya's Noxious Bog
 48744 | D:15     | Learned a level 3 spell: Ignite Poison
 49022 | Slime:1  | Entered Level 1 of the Pits of Slime
 49263 | Lair:5   | Reached skill level 15 in Fighting
 49379 | Slime:1  | Reached skill level 15 in Dodging
 49480 | Slime:2  | Received a gift from Okawaru
 50079 | Slime:5  | Entered Level 5 of the Pits of Slime
 50543 | Slime:5  | Received a gift from Okawaru
 50841 | Slime:5  | Paralysed by a floating eye for 2 turns
 50845 | Slime:5  | Paralysed by a floating eye for 4 turns
 50864 | Slime:5  | Reached XP level 21. HP: 72/169 MP: 6/39
 50982 | Slime:4  | Noticed Dissolution
 51304 | Slime:5  | Noticed the Royal Jelly
 51354 | Slime:5  | Killed the Royal Jelly
 51476 | Slime:5  | Reached skill level 20 in Maces & Flails
 51642 | Slime:5  | Got a slimy rune of Zot
 51718 | Slime:5  | Got the Almanac of Pestilence
 51726 | Slime:5  | Identified the +6 dagger of Guilt {freeze, rN+}
 51739 | Slime:5  | Identified the +1 morningstar "Ibri" {spect, rElec rN+
                  | Str+2 Int+5}
 52127 | D:15     | Learned a level 2 spell: Poisonous Vapours
 52132 | D:15     | Learned a level 4 spell: Olgreb's Toxic Radiance
 52421 | Snake:1  | Learned a level 2 spell: Blink
 52639 | Depths:1 | Entered Level 1 of the Depths
 52666 | Depths:1 | Received a gift from Okawaru
 52676 | Depths:1 | Reached skill level 15 in Stealth
 52695 | Depths:1 | Received a gift from Okawaru
 53015 | Depths:1 | Found a gateway to Hell.
 53019 | Depths:1 | Noticed a golden dragon
 53033 | Depths:1 | Killed a golden dragon
 53033 | Depths:1 | Identified the +1 pair of boots of Evolution {-Cast rF+ rN+
                  | Regen+} (Okawaru gifted it to you on level 1 of the Depths)
 53033 | Depths:1 | Received a gift from Okawaru
 53395 | Snake:2  | Bought a manual of Ranged Weapons for 1200 gold pieces
 54081 | Depths:1 | Reached skill level 15 in Short Blades
 54081 | Depths:1 | Reached skill level 15 in Long Blades
 54081 | Depths:1 | Reached skill level 15 in Axes
 54081 | Depths:1 | Reached skill level 15 in Polearms
 54081 | Depths:1 | Reached skill level 15 in Staves
 54081 | Depths:1 | Reached skill level 15 in Throwing
 54081 | Depths:1 | Reached skill level 15 in Armour
 54081 | Depths:1 | Reached skill level 15 in Shields
 54081 | Depths:1 | Reached skill level 15 in Unarmed Combat
 54081 | Depths:1 | Reached skill level 15 in Spellcasting
 54081 | Depths:1 | Reached skill level 15 in Evocations
 54195 | Depths:1 | Found a one-way gate to the infinite horrors of the Abyss.
 54340 | Depths:1 | Found a one-way gate leading to the halls of Pandemonium.
 54858 | Depths:2 | Found Asmy's Assorted Antiques.
 54871 | Depths:2 | Bought a scroll of teleportation for 90 gold pieces
 54871 | Depths:2 | Bought a wand of iceblast (2) for 144 gold pieces
 55580 | Depths:2 | Received a gift from Okawaru
 55706 | Depths:2 | Gained mutation: You are dopey. (Int -2) [a cacodemon]
 55708 | Depths:2 | Reached XP level 22. HP: 180/180 MP: 26/41
 55709 | Depths:2 | Received a gift from Okawaru
 56327 | Depths:2 | Noticed Aizul
 56334 | Depths:2 | Killed Aizul
 56485 | Depths:2 | Found Ewnaruk's General Store.
 56493 | Depths:2 | Received a gift from Okawaru
 56689 | Depths:2 | Found a shadowy altar of Dithmenos.
 56861 | Depths:2 | Received a gift from Okawaru
 56947 | Depths:2 | Found Guan's Miraculous Elixirs.
 57189 | Depths:2 | Received a gift from Okawaru
 57287 | Depths:2 | Identified the +0 hand axe of Debt {venom, rF- MP+9 Str+5
                  | Stlth+}
 57421 | Depths:2 | Found an ancient bone altar of Kikubaaqudgha.
 57521 | Depths:2 | Reached skill level 21 in Maces & Flails
 57660 | Depths:2 | Found a shimmering blue altar of Sif Muna.
 57696 | Depths:2 | Found The Legendary Sohip's Legendary Smithy.
 58192 | Depths:3 | Noticed a golden dragon
 58840 | Depths:3 | Killed a golden dragon
 59375 | Depths:3 | Found an ornate altar of the Wu Jian Council.
 59507 | Vaults:1 | Entered Level 1 of the Vaults
 59664 | Vaults:1 | Received a gift from Okawaru
 59910 | Vaults:1 | Identified the +2 pair of boots of Sorcery {rPois Will+}
                  | (Okawaru gifted it to you on level 1 of the Vaults)
 59910 | Vaults:1 | Received a gift from Okawaru
 60022 | Vaults:1 | Found a crumbling gateway.
 60031 | Desolati | Entered the Desolation of Salt
 60224 | Desolati | Identified the +7 ring mail "Agiehuta" {Rampage Will+ Str+4
                  | Int+3}
 60239 | Desolati | Identified the +5 ring mail "Piziep" {Drain Int+5}
 60375 | Desolati | Got the Incunable of Reshaped Charms
 60376 | Desolati | Identified the +6 lajatang of the Orb {vorpal, rElec}
 60519 | Desolati | Identified the +7 dagger "Tuqaek" {pain, +Blink}
 60696 | Desolati | Got the Exposition on Discontinuous Breath
 60712 | Desolati | Identified the ring of Muapiw {rC+ Will+ Int+4 Slay+4}
 60972 | Desolati | Reached XP level 23. HP: 190/190 MP: 33/42
 61637 | Vaults:1 | Reached skill level 15 in Hexes
 62601 | Vaults:2 | Identified the +1 pair of boots of Woegg {rElec Str+3}
                  | (Okawaru gifted it to you on level 2 of the Vaults)
 62601 | Vaults:2 | Received a gift from Okawaru
 63013 | Vaults:2 | Reached skill level 22 in Maces & Flails
 63063 | Vaults:2 | Found a staircase to the Crypt.
 64426 | Vaults:3 | Received a gift from Okawaru
 64667 | Vaults:3 | Reached XP level 24. HP: 201/201 MP: 34/43
 64904 | Vaults:3 | You are sucked into a shaft and drop 1 floor!
 65292 | Vaults:3 | Received a gift from Okawaru
 66457 | Vaults:4 | Found Hucif's Distillery.
 66466 | Vaults:4 | Bought 2 potions of haste for 360 gold pieces
 66466 | Vaults:4 | Bought a potion of heal wounds for 90 gold pieces
 66466 | Vaults:4 | Bought a potion of lignification for 54 gold pieces
 66466 | Vaults:4 | Bought a potion of mutation for 144 gold pieces
 66466 | Vaults:4 | Bought a potion of brilliance for 72 gold pieces
 67280 | Depths:4 | Entered Level 4 of the Depths
 67559 | Depths:4 | Learned a level 5 spell: Yara's Violent Unravelling
 67889 | Depths:4 | Found a one-way gateway to a ziggurat.
 67917 | Depths:4 | Reached skill level 23 in Maces & Flails
 68107 | Depths:4 | Found a gate to the Realm of Zot.
 68209 | Depths:4 | Found a shimmering blue altar of Sif Muna.
 68872 | Zot:1    | Entered Level 1 of the Realm of Zot
 68877 | Zot:1    | Identified the +5 executioner's axe "Daoruufi" {vorpal,
                  | *Noise Fragile Will+++ rCorr} (Okawaru gifted it to you on
                  | level 1 of the Realm of Zot)
 68877 | Zot:1    | Received a gift from Okawaru
 69028 | Zot:1    | Noticed an orb of fire
 69125 | Zot:1    | Gained mutation: You occasionally lose the ability to read
                  | scrolls when taking damage. [an orb of fire]
 69131 | Zot:1    | Killed an orb of fire
 69132 | Zot:1    | Lost mutation: You occasionally lose the ability to read
                  | scrolls when taking damage. [potion of mutation]
 69132 | Zot:1    | Lost mutation: You are dopey. (Int -2) [potion of mutation]
 69132 | Zot:1    | Gained mutation: You are agile. (Dex +4, Str/Int -1)
                  | [potion of mutation]
 69132 | Zot:1    | Gained mutation: Armour fits poorly on your strangely
                  | shaped body. [potion of mutation]
 69132 | Zot:1    | Gained mutation: You have a pair of small horns on your
                  | head. [potion of mutation]
 69169 | Zot:1    | Lost mutation: You are agile. (Dex +4, Str/Int -1) [potion
                  | of mutation]
 69169 | Zot:1    | Lost mutation: Armour fits poorly on your strangely shaped
                  | body. [potion of mutation]
 69169 | Zot:1    | Lost mutation: You have a pair of small horns on your head.
                  | [potion of mutation]
 69169 | Zot:1    | Gained mutation: Your movements are slightly less
                  | encumbered by armour. (ER -2) [potion of mutation]
 69169 | Zot:1    | Gained mutation: Your magical capacity is low. (-10% MP)
                  | [potion of mutation]
 69169 | Zot:1    | Gained mutation: You have sharp toenails. [potion of
                  | mutation]
 69440 | Orc:2    | Bought a book of Maledictions for 312 gold pieces
 69448 | Orc:2    | Learned a level 7 spell: Enfeeble
 69763 | Zot:1    | Identified the +5 rapier "Sunaocem" {holy, rPois rC++}
 70035 | Zot:1    | Reached XP level 25. HP: 164/210 MP: 16/39
 70176 | Zot:1    | Identified the +2 ring mail "Ucomu" {rCorr}
 70778 | Zot:2    | Received a gift from Okawaru
 71227 | Zot:2    | You are sucked into a shaft and drop 2 floors!
 71228 | Zot:4    | Acquired a manual of Transmutations
 71395 | Zot:4    | Noticed an ancient lich
 71396 | Zot:4    | Noticed an orb of fire
 71419 | Zot:4    | Noticed a Killer Klown
 71449 | Zot:4    | Found a transporter.
 71655 | Zot:4    | Reached skill level 15 in Transmutations
 71669 | Zot:4    | Received a gift from Okawaru
 71834 | Zot:3    | Received a gift from Okawaru
 71974 | Zot:3    | Reached skill level 15 in Conjurations
 71974 | Zot:3    | Reached skill level 15 in Summonings
 71974 | Zot:3    | Reached skill level 15 in Necromancy
 71974 | Zot:3    | Reached skill level 15 in Translocations
 71974 | Zot:3    | Reached skill level 15 in Fire Magic
 71974 | Zot:3    | Reached skill level 15 in Ice Magic
 71974 | Zot:3    | Reached skill level 15 in Air Magic
 71974 | Zot:3    | Reached skill level 15 in Earth Magic
 71974 | Zot:3    | Reached skill level 15 in Poison Magic
 72158 | Zot:5    | Entered Level 5 of the Realm of Zot
 72395 | Zot:3    | Found the +4 dragonskin cloak
 72395 | Zot:3    | Noticed Tiamat
 72396 | Zot:3    | Noticed an orb of fire
 72647 | Zot:3    | Gained mutation: You occasionally lose the ability to drink
                  | potions when taking damage. [an orb of fire]
 72648 | Zot:3    | Gained mutation: Your magical capacity is very low. (-20%
                  | MP) [an orb of fire]
 72654 | Zot:3    | Killed an orb of fire
 72654 | Zot:3    | Identified the +0 kite shield of the Bagpipe {rElec rN+
                  | MP+9 Dex-3} (Okawaru gifted it to you on level 3 of the
                  | Realm of Zot)
 72654 | Zot:3    | Received a gift from Okawaru
 73167 | Zot:2    | Reached skill level 24 in Maces & Flails
 74229 | Zot:3    | Killed Tiamat
 74482 | Zot:3    | Reached XP level 26. HP: 144/222 MP: 4/35
 74596 | Zot:3    | Found a runed translucent gate.
 74596 | Zot:3    | Noticed an ancient lich
 74597 | Zot:3    | Found a runed translucent gate.
 74597 | Zot:3    | Found an ancient bone altar of Kikubaaqudgha.
 74597 | Zot:3    | Found a runed translucent gate.
 74597 | Zot:3    | Noticed a dread lich
 74599 | Zot:3    | Noticed Juzit's ghost (legendary GnFi)
 74599 | Zot:3    | Noticed Emnejil's ghost (master VSBe)
 74759 | Zot:3    | Noticed Juzit's ghost (legendary GnFi)
 75569 | Zot:4    | Identified the +0 hat of Noon {Str+3 Stlth+} (Okawaru
                  | gifted it to you on level 4 of the Realm of Zot)
 75569 | Zot:4    | Received a gift from Okawaru
 75918 | Zot:4    | Found a transporter.
 76437 | Zot:5    | Noticed an ancient lich
 76441 | Zot:5    | Noticed an ancient lich
 76442 | Zot:5    | Killed an ancient lich
 76460 | Zot:5    | Killed an ancient lich
 76598 | Zot:5    | Noticed an orb of fire
 76602 | Zot:5    | Gained mutation: You occasionally lose the ability to read
                  | scrolls when taking damage. [an orb of fire]
 76616 | Zot:5    | Killed an orb of fire
 76673 | Zot:5    | Lost mutation: Your magical capacity is very low. (-20% MP)
                  | [potion of mutation]
 76673 | Zot:5    | Lost mutation: You occasionally lose the ability to drink
                  | potions when taking damage. [potion of mutation]
 76673 | Zot:5    | Gained mutation: Your muscles are strong. (Str +4, Int/Dex
                  | -1) [potion of mutation]
 76673 | Zot:5    | Gained mutation: You are agile. (Dex +4, Str/Int -1)
                  | [potion of mutation]
 76674 | Zot:5    | Lost mutation: Your muscles are strong. (Str +4, Int/Dex
                  | -1) [potion of mutation]
 76674 | Zot:5    | Lost mutation: Your movements are slightly less encumbered
                  | by armour. (ER -2) [potion of mutation]
 76674 | Zot:5    | Gained mutation: You sometimes lose your temper in combat.
                  | [potion of mutation]
 76674 | Zot:5    | Lost mutation: Your magical capacity is low. (-10% MP)
                  | [potion of mutation]
 76674 | Zot:5    | Gained mutation: You have a pair of small antennae on your
                  | head. [potion of mutation]
 76675 | Zot:5    | Lost mutation: You have sharp toenails. [potion of
                  | mutation]
 76675 | Zot:5    | Lost mutation: You occasionally lose the ability to read
                  | scrolls when taking damage. [potion of mutation]
 76675 | Zot:5    | Lost mutation: You are agile. (Dex +4, Str/Int -1) [potion
                  | of mutation]
 76675 | Zot:5    | Gained mutation: You occasionally lose the ability to drink
                  | potions when taking damage. [potion of mutation]
 76675 | Zot:5    | Gained mutation: Your skin changes colour to match your
                  | surroundings (Stealth+). [potion of mutation]
 76676 | Zot:5    | Lost mutation: You occasionally lose the ability to drink
                  | potions when taking damage. [potion of mutation]
 76676 | Zot:5    | Lost mutation: You sometimes lose your temper in combat.
                  | [potion of mutation]
 76676 | Zot:5    | Lost mutation: You have a pair of small antennae on your
                  | head. [potion of mutation]
 76676 | Zot:5    | Gained mutation: You occasionally shout uncontrollably at
                  | your foes. [potion of mutation]
 76676 | Zot:5    | Lost mutation: Your skin changes colour to match your
                  | surroundings (Stealth+). [potion of mutation]
 76676 | Zot:5    | Gained mutation: Your spells are a little harder to cast,
                  | but a little more powerful. [potion of mutation]
 76676 | Zot:5    | Gained mutation: You expend magic power (3 MP) to
                  | strengthen your wands. [potion of mutation]
 76785 | Zot:5    | Noticed a Killer Klown
 76800 | Zot:5    | Killed a Killer Klown
 76845 | Zot:5    | Noticed an orb of fire
 76851 | Zot:5    | Killed an orb of fire
 76865 | Zot:5    | Noticed an orb of fire
 76870 | Arena    | Entered the Arena
 76881 | Arena    | Killed an orb of fire
 77317 | Zot:5    | Noticed a Killer Klown
 77334 | Zot:5    | Killed a Killer Klown
 77429 | Zot:5    | Noticed an orb of fire
 77431 | Zot:5    | Noticed an orb of fire
 77433 | Arena    | Entered the Arena
 77444 | Arena    | Killed an orb of fire
 77451 | Arena    | Entered the Arena
 77451 | Arena    | Gained mutation: You occasionally lose the ability to drink
                  | potions when taking damage. [an orb of fire]
 77460 | Arena    | Killed an orb of fire
 77571 | Zot:5    | Noticed an orb of fire
 77581 | Zot:5    | Gained mutation: You are weak. (Str -2) [an orb of fire]
 77594 | Zot:5    | Gained mutation: You are very weak. (Str -4) [an orb of
                  | fire]
 77595 | Zot:5    | Killed an orb of fire
 77684 | Zot:5    | Noticed an orb of fire
 77705 | Zot:5    | Killed an orb of fire
 78060 | Zot:5    | Noticed a Killer Klown
 78065 | Arena    | Entered the Arena
 78074 | Arena    | Killed a Killer Klown
 78204 | Zot:5    | Reached skill level 25 in Maces & Flails
 78284 | Zot:5    | Received a gift from Okawaru
 78426 | Zot:5    | Reached XP level 27. HP: 188/231 MP: 22/45
 78542 | Zot:5    | Received a gift from Okawaru
 78604 | Zot:5    | Got the Orb of Zot
 78965 | D:9      | Gained mutation: Your magical capacity is low. (-10% MP) [a
                  | cacodemon]
 79191 | D:$      | Escaped with the Orb!

Illustrated notes

Levels and vault maps discovered:
D:1:      dpeg_arrival_ternary, layout_basic, serial_shops, nicolae_shop_trees
D:2:      minmay_general_purpose_star, layout_rooms, basic_ecumenical_altar
D:3:      layout_loops_ring, grunt_decor_mini_mirrors, minmay_misc_feat_rows,
          kennysheep_generic_room_6, uniq_terence
D:4:      layout_gridville, nicolae_shop_clearance, uniq_duvessa,
          uniq_blork_the_orc
D:5:      layout_layer_cave, minmay_temple_entry_butterflies,
          grunt_ministairs_15, nicolae_hexahallways, minmay_tree_intersection,
          nicolae_zen_rock_garden, st_stairs_2
D:6:      layout_basic, mainiacjoe_overflow_small_starburst, serial_shops,
          nicolae_shop_bloodbath_and_beyond, minmay_manual_mail
D:7:      kennysheep_spiral_hall, layout_basic, nzn_hepliaklqana_mist_gate,
          gammafunk_temple_overflow_arena, enter_bailey_2
D:8:      statuecave_lemuel, layout_loops_corners,
          nicolae_tso_swordbearing_angel, mainiacjoe_overflow_surrounded_room,
          hellmonk_guarded_unrand_night, uniq_prince_ribbit1
D:9:      layout_layer_cave, slow_altar_1, serial_glass, glass_columns_a,
          glass_columns_a
D:10:     layout_basic, mainiacjoe_overflow_24_doors, serial_shops, shop,
          due_unseen_surprise
D:11:     layout_cave_pools, erik_lair_island
D:12:     dragon1_lemuel, layout_basic, grunt_qazlal_sundering, uniq_kirke
D:13:     layout_loops_corners, gauntlet_entry_generic
D:14:     hellmonk_ruined_rings, layout_irregular_city, erik_vaults_1,
          grunt_decor_one_mirror, uniq_louise
D:15:     grunt_enter_depths_giant_problem, layout_loops_ring,
          minmay_misc_feat_room, serial_shops, nicolae_shop_waterfront,
          lemuel_zombie_altar_yredelemnul, uniq_josephine
Temple:   regret_index_temple_generic_petals
Lair:1:   layout_gridlike, grunt_megastairs_5, infiniplex_staircase_pool
Lair:2:   layout_long_grid, enter_volcano_2, infiniplex_staircase_pool_2,
          grunt_megastairs_3, lemuel_fruit_fields
Lair:3:   layout_concentric_octagons, elwin_shoals_entry_rooms,
          guppyfry_snake_entry_island, gammafunk_ghost_hive
Lair:4:   layout_roguey
Lair:5:   cheibrodos_lair_end_hotspot, layout_gridlike,
          dpeg_slime_entry_enclosed
Shoals:1: layout_shoals, uniq_roxanne
Shoals:2: layout_shoals, serial_shops, shop, nicolae_shoals_water_shrine,
          uniq_polyphemus
Shoals:3: layout_shoals, serial_shops, shop, nicolae_shoals_isolated_beach
Shoals:4: shoals_end_grunt_garden, layout_shoals, nicolae_shoals_cliffside_cave,
          lemuel_centaur_altar
Snake:1:  layout_gridlike
Snake:2:  layout_misc_corridors, nicolae_alphabet_shops, uniq_donald,
          uniq_saint_roka, uniq_asterion
Snake:3:  layout_rooms, uniq_vashnia, uniq_agnes
Snake:4:  minmay_snake_end_coiled, layout_misc_corridors
Slime:1:  layout_caves
Slime:2:  layout_caves
Slime:3:  layout_caves
Slime:4:  layout_caves, uniq_dissolution
Slime:5
Orc:1:    layout_diamond_mine, uniq_harold
Orc:2:    st_orc_elflike, layout_caves, portal_ice_cave_entry_ice_simulacra,
          serial_shops, bzr_entry_safe
Elf:1:    elf_arrival_002, layout_onion_city, serial_shops,
          nicolae_shop_competitors_out_of_business, minmay_elf_demonology,
          grunt_ministairs_11, dreamdust_wishing_well,
          hangedman_elven_crosses_minicolossus
Elf:2:    elven_hall_of_blades_hangedman_original
          [nicolae_vaults_blade_armed_guards], layout_gridlike, basic_altar,
          minmay_misc_feat_alley
Elf:3:    minmay_elf_hall, layout_gridlike
Vaults:1: portal_desolation_entry_nicolae_slug, v_misc_8,
          nicolae_vaults_little_squares_1, v_misc_15, v_pattern_1,
          hangedman_vaults_corner_blocks, v_misc_30, v_misc_19,
          grunt_vaults_swirl, ontoclasm_vaults_ring_square, grunt_vaults_funnel,
          hangedman_vaults_maws, ontoclasm_vaults_claustrophobia,
          layout_vaults_ring
Vaults:2: hangedman_vaults_nodes, vaults_standard_mumra_enter_the_diamond,
          nicolae_vaults_specimen_jars, ontoclasm_vaults_hangar,
          minmay_crypt_entry_simple_corners, v_rooms_6,
          nicolae_vaults_triangles, vaults_room_hallway, v_pattern_5,
          grunt_vaults_twisty, vaults_room_hangedman_quadrants,
          grunt_vaults_hallway_long, ontoclasm_vaults_twist, vaults_room_pools,
          layout_vaults_omnicross
Vaults:3: ontoclasm_vaults_eye, vaults_dpeg_diagonal, ontoclasm_vaults_hangar,
          v_alt_pattern_1, ontoclasm_vaults_idyll, st_cross, v_misc_2,
          v_rooms_3, vaults_dpeg_doors, v_misc_2, vaults_mumra_lcd,
          hangedman_vaults_cutoff, layout_vaults_maze_bifur
Vaults:4: nicolae_vaults_circle_grid_a, ontoclasm_vaults_ring_small, v_misc_25,
          grunt_vaults_diagonal, vaults_room_pools, v_misc_16, serial_ice_g,
          vaults_dpeg_ring, layout_vaults_big_room, serial_shops,
          nicolae_lakefront_shop
Depths:1: layout_cave_pools, hangedman_coc_ice_floe, abyss_entry,
          kennysheep_decorative_pillar, rand_demon_pan_entry_4, nicolae_titane
Depths:2: grated_community_mu [grated_community_mu_vampire_home,
          grated_community_mu_giant_home, grated_community_mu_spellcaster_home,
          grated_community_mu_orcish_home, grated_community_mu_troll_home,
          grated_community_mu_taur_home, grated_community_mu_unbuilt_plot],
          layout_small_grid, rand_demon_pan_entry_9,
          hangedman_abyss_or_decor_passed, hell_entry, serial_shops,
          nicolae_shop_statue_plus, uniq_aizul
Depths:3: kennysheep_scales, layout_cross, abyss_entry, minivault_14,
          grunt_pan_entry_zigzag, hell_entry, pdpol_wu_jian_five_deadly_venoms
Depths:4: grunt_zot_entry_pinwheel, layout_gridlike, enter_ziggurat_e,
          abyss_entry, pf_vacation_house_of_asmodeus,
          nicolae_sif_muna_condensation, serial_bayou_shore_b
Zot:1:    layout_gridlike, st_small_dragon_hoard_4, uniq_josephina
Zot:2:    layout_basic, st_single_dragon_hoard_4
Zot:3:    layout_cathedral_of_symmetry, gammafunk_ghost_crypt, uniq_tiamat
Zot:4:    gammafunk_the_bubble [the_bubble_gammafunk_crates],
          layout_misc_corridors, grunt_megastairs_2
Zot:5:    layout_misc_corridors, grunt_ministairs_4

Skill      XL: |  1  2  3  4  5  6  7  8  9 10 11 12 13 14 15 16 17 18 19 20 21 22 23 24 25 26 27 |
---------------+----------------------------------------------------------------------------------+-----
Invocations    | 1 2 3 4 5 6 7 8 9 10 11 12 13 14 15 16 17 18 19 20 | 20.2
Short Blades   | 1 2 3 5 6 7 8 9 10 11 12 13 14 15 17 18 19 20 21 | 21.1
Long Blades    | 1 2 3 5 6 7 8 9 10 11 12 13 14 15 16 17 18 | 18.7
Axes           | 1 2 3 5 6 7 8 9 10 11 12 13 14 15 16 17 18 | 18.7
Maces & Flails | 1 2 3 4 6 7 9 10 12 13 14 15 16 17 18 19 20 21 22 23 24 25 | 25.2
Polearms       | 1 2 3 5 6 7 8 9 10 11 12 13 14 15 16 17 18 | 18.7
Staves         | 1 2 3 5 6 7 8 9 10 11 12 13 14 15 16 17 18 | 18.7
Throwing       | 1 2 3 5 6 7 8 9 10 11 12 13 14 15 16 17 18 | 18.7
Armour         | 1 2 3 5 6 7 8 9 10 11 12 13 14 15 16 17 18 | 18.7
Shields        | 1 2 3 5 6 7 8 9 10 11 12 13 14 15 16 17 18 | 18.7
Unarmed Combat | 1 2 3 5 6 7 8 9 10 11 12 13 14 15 16 17 18 | 18.7
Spellcasting   | 1 2 3 5 6 7 8 9 10 11 12 13 14 15 16 17 18 | 18.7
Evocations     | 1 2 3 5 6 7 8 9 10 11 12 13 14 15 16 17 18 | 18.7
Conjurations   | 1 2 3 4 5 6 7 8 9 10 11 12 13 14 15 16 | 16.0
Hexes          | 1 2 3 4 5 6 7 8 9 10 11 12 13 14 15 16 17 18 | 18.9
Summonings     | 1 2 3 4 5 6 7 8 9 10 11 12 13 14 15 16 | 16.0
Necromancy     | 1 2 3 4 5 6 7 8 9 10 11 12 13 14 15 16 | 16.0
Translocations | 1 2 3 4 5 6 7 8 9 10 11 12 13 14 15 16 | 16.0
Transmutations | 1 2 3 4 5 6 7 8 9 10 11 12 13 14 15 16 17 | 17.0
Fire Magic     | 1 2 3 4 5 6 7 8 9 10 11 12 13 14 15 16 | 16.0
Ice Magic      | 1 2 3 4 5 6 7 8 9 10 11 12 13 14 15 16 | 16.0
Air Magic      | 1 2 3 4 5 6 7 8 9 10 11 12 13 14 15 16 | 16.0
Earth Magic    | 1 2 3 4 5 6 7 8 9 10 11 12 13 14 15 16 | 16.0
Poison Magic   | 1 2 3 4 5 6 7 8 9 10 11 12 13 14 15 16 | 16.0
Stealth        | 3 4 5 6 7 8 9 10 11 12 13 14 15 16 17 18 19 20 | 20.9
Fighting       | 5 6 7 8 9 10 11 12 13 14 15 16 17 19 20 21 22 | 22.4
Dodging        | 5 6 7 8 9 10 11 12 13 14 15 16 17 18 19 | 19.2
Ranged Weapons | 9 10 11 12 13 14 15 16 17 18 19 20 21 22 | 22.9

Action                   |  1- 3 |  4- 6 |  7- 9 | 10-12 | 13-15 | 16-18 | 19-21 | 22-24 | 25-27 || total
-------------------------+-------+-------+-------+-------+-------+-------+-------+-------+-------++-------
 Fire: Shortbow          |    90 |   133 |   244 |   659 |       |       |       |       |       ||  1126
       Arbalest          |       |       |       |   169 |  1140 |  1185 |  1036 |  1384 |   865 ||  5779
Throw: Dart              |       |     1 |     7 |    28 |     3 |       |       |       |       ||    39
       Javelin           |       |       |     3 |    20 |       |       |       |       |       ||    23
       Boomerang         |       |       |     4 |       |       |       |       |       |       ||     4
 Cast: Swiftness         |       |       |       |     1 |     9 |     6 |       |     1 |       ||    17
       Irradiate         |       |       |       |       |     5 |    28 |    15 |    29 |    19 ||    96
       Lee's Rapid Decon |       |       |       |       |     4 |    11 |     1 |    12 |       ||    28
       Inner Flame       |       |       |       |       |     4 |     3 |       |       |       ||     7
       Portal Projectile |       |       |       |       |     1 |       |       |       |       ||     1
       Borgnjor's Vile C |       |       |       |       |       |   164 |   150 |   107 |    63 ||   484
       Eringya's Noxious |       |       |       |       |       |       |    21 |    11 |    12 ||    44
       Ignite Poison     |       |       |       |       |       |       |    27 |    39 |    21 ||    87
       Olgreb's Toxic Ra |       |       |       |       |       |       |    13 |    38 |    24 ||    75
       Poisonous Vapours |       |       |       |       |       |       |       |    17 |    10 ||    27
       Enfeeble          |       |       |       |       |       |       |       |       |    22 ||    22
       Blink             |       |       |       |       |       |       |       |       |     4 ||     4
       Yara's Violent Un |       |       |       |       |       |       |       |       |     1 ||     1
Invok: Heroism           |       |       |     2 |     2 |     5 |     2 |     1 |     1 |     2 ||    15
       Finesse           |       |       |       |     3 |     9 |     4 |     2 |     1 |     8 ||    27
       Duel              |       |       |       |       |       |     1 |       |       |     4 ||     5
Evoke: Wand              |       |       |    11 |     2 |       |    13 |       |     1 |       ||    27
       Tin of tremorston |       |       |       |       |       |     6 |     2 |     1 |     2 ||    11
       Phial of floods   |       |       |       |       |       |     2 |       |       |       ||     2
       Condenser vane    |       |       |       |       |       |       |     1 |       |     3 ||     4
  Use: Scroll            |       |     5 |     2 |     8 |    12 |    22 |    20 |     7 |     9 ||    85
       Potion            |       |       |       |     2 |     4 |     5 |     1 |     3 |    17 ||    32
Armor: Leather armour    |     3 |    12 |    52 |   156 |   101 |       |       |       |       ||   324
       Robe              |       |       |       |       |   121 |    53 |       |       |       ||   174
       Ring mail         |       |       |       |       |       |   148 |   211 |   203 |   176 ||   738
Dodge: Dodged            |    11 |    27 |   154 |   378 |   832 |   639 |   464 |   680 |   599 ||  3784
